[Event "Olimpiade 2024 - Donne"]
[Site "Budapest"]
[Date "22.09.2024"]
[Round "11.15"]
[White "Markantonaki, Haritomeni"]
[Black "Hilario, Aleyla"]
[Result "1-0"]
[WhiteElo "2179"]
[BlackElo "1993"]
[ECO "C03"]
[Opening "French"]
[Variation "Tarrasch"]
[TimeControl "40/5400+30:1800"]
[EventDate "2024.09.11"]
[Board "4"]
[WhiteFideId "4207050"]
[BlackFideId "3819400"]
[WhiteTeam "Greece"]
[BlackTeam "Peru"]

1. e4 e6 2. d4 d5 3. Nd2 Be7 4. Bd3 c5 5. dxc5 Nf6 6. Qe2 O-O 7. Ngf3 a5 8.
c3 Na6 9. e5 Nd7 10. h4 f5 11. Bxa6 Rxa6 12. b4 axb4 13. cxb4 Ra4 14. a3
Qc7 15. Bb2 b6 16. Qb5 Ra8 17. cxb6 Nxb6 18. Rc1 Qa7 19. Qd3 Qd7 20. Nd4
Na4 21. Ba1 Ba6 22. b5 Bb7 23. O-O Bxh4 24. N2f3 Be7 25. Nc6 Rfc8 26. Nfd4
Nb6 27. Bb2 Nc4 28. Rxc4 dxc4 29. Qxc4 Bxa3 30. Bxa3 Rxa3 31. Nxf5 Kh8 32.
Nd6 Rf8 33. Qc5 Raa8 34. Nxb7 Qxb7 35. Rd1 Rfe8 36. g3 h6 37. Rc1 Ra2 38.
Rb1 Rd2 39. Qe3 Rd5 40. Qb3 Rf8 41. Qa3 Ra8 42. Qb4 Rd7 43. Qc5 Ra2 44. Qc4
Rdd2 45. Rf1 Qf7 46. Qc5 Qf3 47. Ne7 Qxg3+ 48. Kh1 Rxf2 49. Qc8+ 1-0

[Event "Olimpiade 2024 - Donne"]
[Site "Budapest"]
[Date "22.09.2024"]
[Round "11.17"]
[White "Ouellet, Maili-Jade"]
[Black "Martynkova, Olena"]
[Result "1-0"]
[WhiteElo "2318"]
[BlackElo "2176"]
[ECO "E71"]
[Opening "King's Indian"]
[Variation "Makagonov system (5.h3)"]
[TimeControl "40/5400+30:1800"]
[EventDate "2024.09.11"]
[Board "1"]
[WhiteFideId "2620472"]
[BlackFideId "14134039"]
[WhiteTeam "Canada"]
[BlackTeam "Lithuania"]

1. d4 Nf6 2. c4 g6 3. Nc3 Bg7 4. e4 d6 5. h3 O-O 6. Be3 e5 7. d5 a5 8. g4
Na6 9. Nge2 c6 10. f3 cxd5 11. cxd5 Nc5 12. Qd2 a4 13. Nc1 Ne8 14. Nd3 Qa5
15. h4 f5 16. gxf5 gxf5 17. Rg1 Nxd3+ 18. Bxd3 f4 19. Bf2 Bd7 20. a3 Kh8
21. O-O-O Bf6 22. h5 Ng7 23. Rh1 Be8 24. h6 Nh5 25. Rdg1 Qd8 26. Bb5 Bg6
27. Nxa4 Ng3 28. Bxg3 fxg3 29. Rxg3 Bh4 30. Rg4 Be7 31. Qe3 Qa5 32. Nc3 Bd8
33. Kb1 Bb6 34. Qd3 Rf7 35. Ne2 Raf8 36. b4 Qa7 37. f4 exf4 38. Rxf4 Kg8
39. Rxf7 Rxf7 40. Be8 Rf6 41. Bxg6 Rxg6 42. Nf4 Rg4 43. Qf3 Rg5 44. Ne6 1-0

[Event "Olimpiade 2024 - Donne"]
[Site "Budapest"]
[Date "22.09.2024"]
[Round "11.17"]
[White "Limontaite, Simona"]
[Black "Li, Yunshan"]
[Result "0-1"]
[WhiteElo "2177"]
[BlackElo "2268"]
[ECO "D05"]
[Opening "Colle system"]
[TimeControl "40/5400+30:1800"]
[EventDate "2024.09.11"]
[Board "2"]
[WhiteFideId "12802506"]
[BlackFideId "8607664"]
[WhiteTeam "Lithuania"]
[BlackTeam "Canada"]

1. d4 d5 2. Nf3 Nf6 3. e3 e6 4. Bd3 c5 5. c3 Nc6 6. O-O Bd6 7. Nbd2 O-O 8.
dxc5 Bxc5 9. e4 dxe4 10. Nxe4 Be7 11. Qe2 Qc7 12. Nxf6+ Bxf6 13. Qe4 g6 14.
Bh6 Rd8 15. h4 e5 16. Qe3 Bg4 17. Ng5 Ne7 18. Qg3 Nf5 19. Bxf5 Bxf5 20. Nf3
Rd3 21. Bg5 Bxg5 22. hxg5 Re8 23. Rfe1 Rd5 24. Re3 Qa5 25. Rae1 e4 26. a3
Qb6 27. b4 Qa6 28. Nd4 Qxa3 29. Nxf5 Rxf5 30. Qh4 Qb3 31. Rh3 h5 32. gxh6
Qc2 33. h7+ Kh8 34. Qg3 Rd8 35. Re3 Qd1+ 36. Kh2 Rh5 37. Rxe4 Rdd5 38. Reh4
Kxh7 39. Qf4 Kg7 40. c4 Rdf5 41. Qe3 Rxh4 42. Rxh4 Rh5 43. Rxh5 Qxh5+ 44.
Kg3 a6 45. Qd4+ Kg8 46. f3 Qg5+ 47. Kf2 Kf8 48. g4 Ke8 49. c5 Qh4+ 50. Kg2
Qe7 51. Kg3 g5 52. Kf2 Qe6 53. Qh8+ Kd7 54. Qb8 Kc6 55. Qd8 Kb5 56. Qxg5
Kxb4 57. Qc1 a5 58. Qb2+ Qb3 59. Qd2+ Kb5 60. Qd6 a4 61. Qb6+ Kc4 62. Qc7
Qb2+ 63. Kg3 a3 64. c6 bxc6 65. Qxc6+ Kd3 66. Qd5+ Kc2 67. Qe4+ Kd2 68.
Qf4+ Kd1 69. Qa4+ Kc1 70. Qc4+ Qc2 71. Qf4+ Qd2 72. Qc4+ Kb2 73. Qb5+ Ka1
74. Qf1+ Ka2 75. Qc4+ Kb1 76. Qb3+ Qb2 77. Qd1+ Qc1 78. Qd3+ Kb2 79. Qb5+
Kc3 80. Qc5+ Kd2 81. Qd4+ Ke2 82. Qe4+ Qe3 0-1

[Event "Olimpiade 2024 - Donne"]
[Site "Budapest"]
[Date "22.09.2024"]
[Round "11.17"]
[White "Demchenko, Svitlana"]
[Black "Baginskaite, Kamile"]
[Result "1/2-1/2"]
[WhiteElo "2167"]
[BlackElo "2103"]
[ECO "D02"]
[Opening "Queen's pawn game"]
[TimeControl "40/5400+30:1800"]
[EventDate "2024.09.11"]
[Board "3"]
[WhiteFideId "14149893"]
[BlackFideId "2014599"]
[WhiteTeam "Canada"]
[BlackTeam "Lithuania"]

1. d4 Nf6 2. Nf3 d5 3. c3 Bf5 4. Qb3 Qc8 5. c4 dxc4 6. Qxc4 e6 7. Nc3 a6 8.
Bf4 c5 9. dxc5 Qxc5 10. e3 Nbd7 11. Be2 Qxc4 12. Bxc4 Rc8 13. Be2 Bb4 14.
O-O O-O 15. Rac1 Bxc3 16. bxc3 Nd5 17. c4 Nxf4 18. exf4 Nc5 19. Rfd1 Rfd8
20. Nd4 Kf8 21. Nxf5 exf5 22. g3 Ne4 23. Bd3 g6 24. Bxe4 fxe4 25. Rxd8+
Rxd8 26. Rb1 Rd7 27. Rb6 Rc7 28. Kf1 Rxc4 29. Rxb7 Rc1+ 30. Ke2 Rc2+ 31.
Ke3 Rxa2 32. Ra7 a5 33. Kxe4 Rxf2 34. Rxa5 Rxh2 35. Kf3 h5 36. Ra7 Kg7 37.
Rb7 Ra2 38. Rb3 Ra6 39. Rc3 Kh6 40. Rb3 f6 41. Rc3 g5 42. fxg5+ fxg5 43.
Rc2 Kg6 44. Rb2 Ra3+ 45. Kg2 Re3 46. Rf2 g4 47. Ra2 Kf5 48. Rb2 Rd3 49. Re2
Rd4 50. Kf2 Re4 51. Ra2 Re5 52. Rb2 Ke4 53. Rb4+ Kd3 54. Rb3+ Kd2 55. Rb2+
Kc3 56. Ra2 Rf5+ 57. Kg2 Rb5 58. Ra3+ Kd4 59. Ra4+ Ke3 60. Ra3+ Ke4 61.
Ra4+ Kf5 62. Ra2 Rb3 63. Re2 Rd3 64. Kf2 Rd4 65. Kg2 Re4 66. Ra2 Re3 67.
Kf2 Rd3 68. Re2 Rd5 69. Kg2 Re5 70. Ra2 Ke4 71. Ra4+ Kd3 72. Ra3+ Kc4 73.
Ra2 Kb3 74. Rd2 Kc3 75. Ra2 Rc5 76. Kf2 Rf5+ 77. Kg2 Rd5 78. Ra3+ Kb2 79.
Ra7 Kc2 80. Ra2+ Kd1 81. Ra1+ Ke2 82. Ra7 Rd2 83. Re7+ Kd3+ 84. Kf1 Kd4 85.
Re8 Rc2 86. Re7 Kd5 87. Re8 Kd4 88. Re7 Kd3 89. Re8 Rc5 90. Kf2 Kd4 91. Re7
Rf5+ 92. Kg2 Re5 93. Rd7+ Ke3 94. Ra7 Rd5 95. Re7+ Kd4 96. Kf2 Rf5+ 97. Kg2
Rc5 1/2-1/2

[Event "Olimpiade 2024 - Donne"]
[Site "Budapest"]
[Date "22.09.2024"]
[Round "11.17"]
[White "Simkunaite, Gabija"]
[Black "Golubeva, Oksana"]
[Result "1/2-1/2"]
[WhiteElo "2005"]
[BlackElo "2119"]
[ECO "C01"]
[Opening "French"]
[Variation "exchange variation"]
[TimeControl "40/5400+30:1800"]
[EventDate "2024.09.11"]
[Board "4"]
[WhiteFideId "12808253"]
[BlackFideId "4170164"]
[WhiteTeam "Lithuania"]
[BlackTeam "Canada"]

1. e4 e6 2. d4 d5 3. exd5 exd5 4. Nf3 Nf6 5. Bd3 c5 6. dxc5 Bxc5 7. O-O O-O
8. Bg5 Nc6 9. c3 Bg4 10. Nbd2 Qd6 11. Qa4 Bh5 12. Qh4 Bg6 13. Bxg6 fxg6 14.
Rad1 Qe6 15. Bxf6 gxf6 16. Nb3 Bb6 17. Nbd4 Qe4 18. Qh3 Nxd4 19. Nxd4 Rae8
20. Qd7 Rf7 21. Qb5 Re5 22. Nf3 Rf5 23. Rde1 Qc4 24. Qe8+ Rf8 25. Qe6+ Rf7
26. Qe8+ Rf8 27. Qd7 Qc8 28. Re7 Qxd7 29. Rxd7 Rf7 30. Rxf7 Kxf7 31. Rd1 g5
32. Nd4 Re5 33. Kf1 Bxd4 34. Rxd4 h5 35. a4 Ke6 36. Rb4 b6 37. f3 Kd6 38.
Kf2 Kc5 39. Rd4 a5 40. g3 Re7 41. h4 Re6 42. g4 hxg4 43. Rxg4 gxh4 44. Rxh4
Kd6 45. Rh8 Kc5 46. Rc8+ Kd6 47. Rh8 Kc5 48. b3 Kd6 49. Rb8 Kc7 50. Ra8 Rc6
51. b4 axb4 52. cxb4 Re6 53. Ra7+ Kc8 54. a5 bxa5 55. Rxa5 Rb6 56. Rc5+ Kb7
57. b5 d4 58. Rd5 Kc7 59. Ke2 Re6+ 60. Kd2 Re5 61. b6+ Kxb6 62. Rd6+ Kc5
63. Rxf6 Re3 64. Rf8 Kd5 65. Rd8+ Kc4 66. Rc8+ Kd5 67. Rd8+ Kc4 68. Rc8+
Kd5 69. Rd8+ 1/2-1/2

[Event "Olimpiade 2024 - Donne"]
[Site "Budapest"]
[Date "22.09.2024"]
[Round "11.18"]
[White "Ryjanova, Julia"]
[Black "Unuk, Laura"]
[Result "1/2-1/2"]
[WhiteElo "2255"]
[BlackElo "2316"]
[ECO "E00"]
[Opening "Catalan opening"]
[TimeControl "40/5400+30:1800"]
[EventDate "2024.09.11"]
[Board "1"]
[WhiteFideId "4127714"]
[BlackFideId "14609215"]
[WhiteTeam "Australia"]
[BlackTeam "Slovenia"]

1. d4 Nf6 2. c4 e6 3. g3 d5 4. Nf3 Bb4+ 5. Bd2 a5 6. Qc2 O-O 7. Bg2 c5 8.
cxd5 cxd4 9. Bxb4 axb4 10. Nxd4 Qb6 11. Nb3 exd5 12. O-O Bg4 13. h3 Rc8 14.
Qd3 Bh5 15. N1d2 Nc6 16. Nf3 Bg6 17. Qd1 Ra6 18. g4 h6 19. Nh4 Bh7 20. Nf5
Bxf5 21. gxf5 Rca8 22. Nc1 Qc7 23. Nd3 Rxa2 24. Rxa2 Rxa2 25. Qb3 Ra5 26.
Rc1 Qd7 27. Nc5 Qe7 28. Qe3 Qxe3 29. fxe3 Ne7 30. Nxb7 Ra7 31. Nd6 Rd7 32.
e4 Rxd6 33. e5 Rb6 34. exf6 Rxf6 35. Rc7 Nxf5 36. Bxd5 Ne3 37. Bf3 Rd6 38.
Rb7 Rd4 39. b3 f5 40. Bh5 g5 41. Kf2 Nd1+ 42. Ke1 Nc3 43. Bg6 Rf4 44. Bh7+
Kh8 45. Bg6 g4 46. hxg4 fxg4 47. Bh5 g3 48. Bf3 h5 49. Kf1 h4 50. Kg2 Nxe2
51. Bxe2 Rf2+ 52. Kg1 Rxe2 53. Rxb4 Rh2 54. Rc4 Kg7 55. b4 Kf6 56. b5 Kg5
57. Rc5+ Kg4 58. Rc4+ Kh3 59. Rb4 Rg2+ 60. Kh1 Rd2 61. Rb1 g2+ 62. Kg1 Kg3
63. Rb3+ Kg4 64. Rb4+ Kf3 65. Rb3+ Kg4 66. Rb4+ Kf3 67. Rb3+ Kg4 1/2-1/2

[Event "Olimpiade 2024 - Donne"]
[Site "Budapest"]
[Date "22.09.2024"]
[Round "11.70"]
[White "Urh, Zala"]
[Black "Zhang, Jilin"]
[Result "1/2-1/2"]
[WhiteElo "2251"]
[BlackElo "2155"]
[ECO "D30"]
[Opening "Queen's gambit declined"]
[TimeControl "40/5400+30:1800"]
[EventDate "2024.09.11"]
[WhiteFideId "14611481"]
[BlackFideId "8602867"]
[WhiteTeam "Slovenia"]
[BlackTeam "Australia"]

1. d4 d5 2. c4 e6 3. Nf3 Nf6 4. g3 Bd6 5. Bg2 O-O 6. O-O c6 7. Qc2 b6 8. b3
Bb7 9. Rd1 Nbd7 10. Nc3 Ba6 11. e4 dxe4 12. Ng5 h6 13. Ngxe4 Nxe4 14. Nxe4
Be7 15. c5 Nf6 16. Bf4 Nxe4 17. Bxe4 Bb7 18. Rac1 Bg5 19. Qd2 Bxf4 20. Qxf4
Qd7 21. h4 Rac8 22. h5 Rfd8 23. Qf3 Rc7 24. Qe2 Qe7 25. Rd2 Qg5 26. Rcd1
Rcd7 27. Kg2 e5 28. cxb6 axb6 29. Qf3 Rxd4 30. Rxd4 exd4 31. Bxc6 Bxc6 32.
Qxc6 Qxh5 33. Qxb6 Qd5+ 34. f3 d3 35. Rd2 Re8 36. Qf2 h5 37. b4 h4 38. gxh4
Qc4 39. a4 Re6 40. a5 Rg6+ 41. Kh3 Qc1 42. Kh2 Rc6 43. a6 Rxa6 44. Rxd3
Qf4+ 45. Kh1 Ra1+ 46. Kg2 Qc1 47. Kg3 Qh1 48. Qh2 Qe1+ 49. Qf2 Qh1 50. Qh2
Qe1+ 51. Qf2 Qxb4 52. Rd8+ Kh7 53. Qd2 Qc5 54. Qd3+ f5 55. Qd4 Qc7+ 56. Qd6
Qc1 57. Qd2 Qg1+ 58. Kf4 Ra4+ 59. Ke5 Qc5+ 60. Ke6 Ra6+ 61. Rd6 Qc8+ 62.
Ke5 Qe8+ 63. Kf4 Qb8 64. Ke5 Qe8+ 65. Kf4 Qb8 66. Ke5 Qc7 67. Ke6 Qc4+ 68.
Qd5 Rxd6+ 69. Kxd6 Qxd5+ 70. Kxd5 Kh6 71. Ke5 g6 72. Kf4 Kh5 73. Kg3 Kh6
74. Kf4 Kh5 75. Kg3 Kh6 76. Kf4 Kh5 1/2-1/2

[Event "Olimpiade 2024 - Donne"]
[Site "Budapest"]
[Date "22.09.2024"]
[Round "11.18"]
[White "Shen, Zhiyuan"]
[Black "Janzelj, Lara"]
[Result "1-0"]
[WhiteElo "1969"]
[BlackElo "2193"]
[ECO "C60"]
[Opening "Ruy Lopez"]
[Variation "fianchetto (Smyslov/Barnes) defence"]
[TimeControl "40/5400+30:1800"]
[EventDate "2024.09.11"]
[Board "3"]
[WhiteFideId "8608482"]
[BlackFideId "14608391"]
[WhiteTeam "Australia"]
[BlackTeam "Slovenia"]

1. e4 e5 2. Nf3 Nc6 3. Bb5 g6 4. O-O Bg7 5. c3 Nge7 6. d4 exd4 7. cxd4 a6
8. Ba4 b5 9. Bc2 d6 10. h3 O-O 11. Nc3 d5 12. Bg5 h6 13. Bf4 dxe4 14. Bxe4
Bf5 15. Be5 Bxe4 16. Nxe4 f6 17. Bh2 f5 18. Nc5 Qd5 19. Re1 Rf6 20. Bxc7 g5
21. Be5 Nxe5 22. Rxe5 Qf7 23. Qb3 Nc6 24. Qxf7+ Rxf7 25. Rd5 Nb4 26. Rd6
Bf8 27. Re6 Rc7 28. a3 Nc2 29. Rd1 Nxd4 30. Rxd4 Rxc5 31. Rd7 Rac8 32. Rxa6
R8c7 33. Rxc7 Rxc7 34. Nd4 Rc1+ 35. Kh2 f4 36. g3 fxg3+ 37. Kxg3 Bg7 38.
Ra8+ Kh7 39. Ra7 Kg6 40. Ra6+ Kf7 41. Nxb5 Be5+ 42. Kg2 h5 43. Nd6+ Kg7 44.
Nf5+ Kf7 45. b4 Rb1 46. Nd6+ Kg7 47. Ne4 Bf4 48. Nc5 Kf7 49. Rb6 Ra1 50. a4
Ra3 51. a5 h4 52. Rh6 Kg7 53. Rc6 Kh7 54. Ne6 Bd2 55. Rc4 Kg6 56. Nc7 Bf4
57. Nd5 Bd2 58. Ne3 Ra4 59. Nc2 Kf5 60. Kf3 Ke5 61. Re4+ Kf6 62. Rd4 Bf4
63. Rd3 Ra2 64. Na3 Bc1 65. Nc4 Rc2 66. Ne3 Ra2 67. Rc3 Ba3 68. a6 Ke6 69.
Rb3 Bb2 70. b5 Be5 71. Nc4 Bd4 72. b6 Rxf2+ 73. Ke4 Rf4+ 74. Kd3 g4 75. a7
Rf8 76. Kxd4 g3 77. Ne3 1-0

[Event "Olimpiade 2024 - Donne"]
[Site "Budapest"]
[Date "22.09.2024"]
[Round "11.18"]
[White "Mihelic, Vesna"]
[Black "Vincent, Alaina"]
[Result "1-0"]
[WhiteElo "2069"]
[BlackElo "1976"]
[ECO "B31"]
[Opening "Sicilian"]
[Variation "Nimzovich-Rossolimo attack (with ...g6, without ...d6)"]
[TimeControl "40/5400+30:1800"]
[EventDate "2024.09.11"]
[Board "4"]
[WhiteFideId "14625520"]
[BlackFideId "46608931"]
[WhiteTeam "Slovenia"]
[BlackTeam "Australia"]

1. e4 c5 2. Nf3 Nc6 3. Bb5 g6 4. Nc3 Bg7 5. d3 e5 6. Bg5 f6 7. Be3 d6 8.
Bc4 Nh6 9. h4 Nd4 10. Nd5 Bd7 11. Nxd4 cxd4 12. Bxh6 Bxh6 13. Qf3 O-O 14.
Nc7+ Kg7 15. Nxa8 Qa5+ 16. Kf1 f5 17. b4 Qd8 18. Bd5 fxe4 19. Qxe4 Be3 20.
Bxb7 Bxf2 21. Ke2 Bf5 22. Qf3 Bxh4 23. g3 Bg5 24. Raf1 h5 25. Qc6 Bg4+ 26.
Ke1 Bd2+ 27. Kxd2 Qg5+ 28. Rf4 exf4 29. Qd5 Qxd5 30. Bxd5 fxg3 31. Rg1 h4
32. Nc7 Rf2+ 33. Kc1 Bd7 34. b5 g5 35. a4 Bh3 36. Ne6+ Kg6 37. Nxd4 g2 38.
Nf3 Bc8 39. Nxh4+ gxh4 40. Rxg2+ Rxg2 41. Bxg2 h3 42. Bh1 Kf6 43. Kd2 Ke6
44. c4 Kd7 45. d4 Kc7 46. a5 Bb7 47. d5 Bc8 48. Ke3 Bg4 49. Be4 h2 50. Bh1
Bd1 51. Kd4 Be2 52. Kc3 Bg4 53. Kb4 Bc8 54. c5 Kd7 55. b6 axb6 56. cxb6 Ba6
57. Kc3 Ke7 58. Kd4 Kf6 59. Ke4 Kg5 60. Kf3 Kf5 61. Kg3 Ke5 62. Kxh2 Kd4
63. Bg2 Bb7 64. Bf1 Kc5 65. a6 Kxb6 66. axb7 Kxb7 67. Kg3 1-0

[Event "Olimpiade 2024 - Donne"]
[Site "Budapest"]
[Date "22.09.2024"]
[Round "11.19"]
[White "Yao, Lan"]
[Black "Keinanen, Anastasia"]
[Result "1/2-1/2"]
[WhiteElo "2353"]
[BlackElo "2212"]
[ECO "C72"]
[Opening "Ruy Lopez"]
[Variation "modern Steinitz defence, 5.O-O"]
[TimeControl "40/5400+30:1800"]
[EventDate "2024.09.11"]
[Board "1"]
[WhiteFideId "8610835"]
[BlackFideId "34101737"]
[WhiteTeam "England"]
[BlackTeam "Finland"]

1. e4 e5 2. Nf3 Nc6 3. Bb5 a6 4. Ba4 d6 5. O-O Bd7 6. c3 g6 7. d4 Bg7 8.
Be3 Nge7 9. dxe5 Nxe5 10. Nxe5 dxe5 11. Bxd7+ Qxd7 12. Qb3 Qc6 13. Nd2 O-O
14. f3 Rfd8 15. Nc4 Qb5 16. Rfd1 Kf8 17. Qxb5 axb5 18. Na3 c6 19. Bb6 Rxd1+
20. Rxd1 Nc8 21. Bc7 Bf6 22. Kf2 Ke8 23. Rd3 b6 24. f4 exf4 25. Bxf4 Be7
26. Bc1 Bxa3 27. bxa3 Ra7 28. g4 f6 29. g5 fxg5 30. Bxg5 Rd7 31. Ke2 Rxd3
32. Kxd3 Nd6 33. Kd4 Nf7 34. Bf4 Kd7 35. h4 h6 36. Bg3 h5 37. Bf4 Ke6 38.
Bc7 g5 39. hxg5 Nxg5 40. Ke3 Nf7 41. Kf4 h4 42. Bxb6 Nd6 43. Bg1 Nc4 44.
Bd4 Nxa3 45. Kg4 Nb1 46. Kxh4 c5 47. Bxc5 Nxc3 48. Kg4 Nxe4 49. Bf8 Nc3 50.
Kf3 Kd5 51. Ke3 Kc4 52. Kd2 Nxa2 53. Kc2 Nc3 54. Kb2 Na4+ 55. Kc2 Nc5 56.
Bxc5 Kxc5 57. Kc3 b4+ 58. Kb3 Kb5 59. Kb2 Kc4 60. Kc2 b3+ 1/2-1/2

[Event "Olimpiade 2024 - Donne"]
[Site "Budapest"]
[Date "22.09.2024"]
[Round "11.19"]
[White "Paasikangas, Johanna"]
[Black "Houska, Jovanka"]
[Result "0-1"]
[WhiteElo "2058"]
[BlackElo "2333"]
[ECO "D52"]
[Opening "QGD"]
[Variation "Cambridge Springs defence"]
[TimeControl "40/5400+30:1800"]
[EventDate "2024.09.11"]
[Board "2"]
[WhiteFideId "500879"]
[BlackFideId "405094"]
[WhiteTeam "Finland"]
[BlackTeam "England"]

1. d4 d5 2. c4 e6 3. Nc3 Nf6 4. Nf3 Nbd7 5. Bg5 c6 6. e3 Qa5 7. Qb3 Ne4 8.
Bh4 g5 9. Bg3 h5 10. h3 Nxg3 11. fxg3 Bd6 12. cxd5 Bxg3+ 13. Kd2 cxd5 14.
Nxg5 Rg8 15. Nf3 Nb6 16. Qb5+ Qxb5 17. Bxb5+ Ke7 18. Rhf1 a6 19. Bd3 Bd7
20. Ke2 Rac8 21. Rac1 Nc4 22. Bxc4 Rxc4 23. Kd3 Rcc8 24. Rb1 f6 25. Nd2 b5
26. b4 Bd6 27. Rf2 a5 28. a3 axb4 29. axb4 Be8 30. Rb2 Bg6+ 31. e4 Rxc3+
32. Kxc3 dxe4 33. Nb3 Bh7 34. Nc5 Rg3+ 0-1

[Event "Olimpiade 2024 - Donne"]
[Site "Budapest"]
[Date "22.09.2024"]
[Round "11.19"]
[White "Hunt, Harriet V"]
[Black "Bederdin, Lilja"]
[Result "0-1"]
[WhiteElo "2304"]
[BlackElo "2065"]
[ECO "C07"]
[Opening "French"]
[Variation "Tarrasch, open variation"]
[TimeControl "40/5400+30:1800"]
[EventDate "2024.09.11"]
[Board "3"]
[WhiteFideId "403512"]
[BlackFideId "510360"]
[WhiteTeam "England"]
[BlackTeam "Finland"]

1. e4 e6 2. d4 d5 3. Nd2 c5 4. Ngf3 cxd4 5. Nxd4 Nc6 6. Nxc6 bxc6 7. Bd3
Qc7 8. c4 d4 9. Qe2 e5 10. O-O Nf6 11. h3 Bd6 12. f4 c5 13. Nf3 Nd7 14. f5
h6 15. Bd2 Nb8 16. Nh2 Nc6 17. Rf3 f6 18. Rg3 Rb8 19. b3 Qf7 20. Qg4 Rb7
21. Be2 Kd8 22. Nf3 Rh7 23. Rf1 Bd7 24. Qh4 Be8 25. Ne1 Kc8 26. Nd3 Qe7 27.
Bh5 Bxh5 28. Qxh5 Qf7 29. Qd1 Rh8 30. Qc1 Kb8 31. Qa3 Qe7 32. Rb1 Rc8 33.
Qc1 Ka8 34. Qd1 Rcb8 35. Qg4 Qf7 36. Rf3 Bf8 37. Rff1 Rb6 38. Rb2 Ra6 39.
Rfb1 Ra3 40. Qe2 Rb6 41. Ne1 Raa6 42. Nc2 Qd7 43. Qd3 Rb7 44. a3 Rab6 45.
b4 Nb8 46. b5 Rd6 47. a4 Qc8 48. Na1 Be7 49. Nb3 Bd8 50. Ra2 Rf7 51. a5 a6
52. Nc1 Rb7 53. Rab2 Be7 54. Kh2 Bf8 55. Be1 Be7 56. Qe2 Nd7 57. Nd3 Bf8
58. Qg4 Qe8 59. Bd2 Qf7 60. bxa6 Rxb2 61. Nxb2 Rxa6 62. Qd1 Nb8 63. Qb3 Qb7
64. Qd3 Qc6 65. Nd1 Qa4 66. Nb2 Qc6 67. Ra1 Nd7 68. Ra3 Ra7 69. Qf3 Rb7 70.
Ra2 Kb8 71. Qh5 Ka7 72. Qe2 Rb3 73. Nd1 Nb8 74. Nf2 Qb7 75. Qh5 Qd7 76. Qd1
Qb7 77. Qc2 Rb1 78. Ra3 Qb2 79. Qd3 Ka6 80. Kg3 Nc6 81. Kg4 Nb4 82. Bxb4
Qxf2 83. Qxb1 Qf4+ 0-1

[Event "Olimpiade 2024 - Donne"]
[Site "Budapest"]
[Date "22.09.2024"]
[Round "11.19"]
[White "Puuska, Heini"]
[Black "Toma, Katarzyna"]
[Result "0-1"]
[WhiteElo "1930"]
[BlackElo "2184"]
[ECO "E90"]
[Opening "King's Indian"]
[Variation "5.Nf3"]
[TimeControl "40/5400+30:1800"]
[EventDate "2024.09.11"]
[Board "4"]
[WhiteFideId "502324"]
[BlackFideId "1119907"]
[WhiteTeam "Finland"]
[BlackTeam "England"]

1. Nf3 Nf6 2. c4 d6 3. d4 g6 4. Nc3 Bg7 5. e4 O-O 6. h3 c5 7. d5 e6 8. Be2
exd5 9. exd5 a6 10. a4 Re8 11. O-O h6 12. Bd3 Nbd7 13. Be3 Nf8 14. Qd2 g5
15. Nh2 Ng6 16. Bxg6 fxg6 17. h4 gxh4 18. Bxh6 h3 19. g3 Bf5 20. Bxg7 Kxg7
21. Rfe1 Qd7 22. f3 Rxe1+ 23. Rxe1 Re8 24. Rxe8 Qxe8 25. Kf2 Qe5 26. Qe3
Nd7 27. f4 Qxe3+ 28. Kxe3 Nf6 29. Nd1 Ng4+ 30. Nxg4 Bxg4 31. Nf2 h2 32. Nh1
a5 33. Kf2 Bd1 34. Kg2 Bb3 35. Nf2 Bxc4 36. Kxh2 Bxd5 37. g4 Bc6 38. Kg3 b6
39. f5 gxf5 40. gxf5 Bxa4 41. Kf4 Bd7 42. Ne4 d5 43. Nc3 Bc6 44. Ke5 d4 45.
Nb1 a4 46. Nd2 d3 47. Kd6 Be8 48. Ke7 Bf7 49. f6+ Kg8 50. Kd6 c4 51. Nb1 b5
52. Kc5 Be8 53. Kd4 Kf7 54. Ke5 b4 55. Kd4 a3 56. bxa3 bxa3 57. Nc3 d2 58.
Kxc4 a2 0-1

[Event "Olimpiade 2024 - Donne"]
[Site "Budapest"]
[Date "22.09.2024"]
[Round "11.20"]
[White "Toth, Lili"]
[Black "Mihok-Juhasz, Barbara"]
[Result "0-1"]
[WhiteElo "2105"]
[BlackElo "2193"]
[ECO "C42"]
[Opening "Petrov"]
[Variation "classical attack"]
[TimeControl "40/5400+30:1800"]
[EventDate "2024.09.11"]
[Board "1"]
[WhiteFideId "17000084"]
[BlackFideId "743585"]
[WhiteTeam "Hungary C"]
[BlackTeam "Hungary B"]

1. e4 e5 2. Nf3 Nf6 3. Nxe5 d6 4. Nf3 Nxe4 5. d4 d5 6. Bd3 Nd6 7. O-O Be7
8. Nc3 c6 9. Ne2 Bf5 10. Ng3 Bxd3 11. Qxd3 O-O 12. b3 Nd7 13. a4 Re8 14.
Ba3 Ne4 15. Bxe7 Rxe7 16. Rfe1 Ndf6 17. Ne5 Qc7 18. Nf5 Re6 19. f3 Nd6 20.
c4 Rae8 21. Nxd6 Qxd6 22. c5 Qe7 23. Qd2 Nd7 24. Nd3 Qf6 25. Qf2 Qf5 26.
Rxe6 Rxe6 27. Qd2 h5 28. Re1 Rxe1+ 29. Nxe1 Qb1 30. Qc3 Nf8 31. Kf2 Ne6 32.
Nd3 Qd1 33. a5 a6 34. b4 h4 35. h3 g6 36. f4 Kh7 37. Ne5 Nxf4 0-1

[Event "Olimpiade 2024 - Donne"]
[Site "Budapest"]
[Date "22.09.2024"]
[Round "11.20"]
[White "Lakos, Nikoletta"]
[Black "Gombocz, Zsofia"]
[Result "1/2-1/2"]
[WhiteElo "2192"]
[BlackElo "2061"]
[ECO "C47"]
[Opening "Four knights"]
[Variation "Scotch, 4...exd4"]
[TimeControl "40/5400+30:1800"]
[EventDate "2024.09.11"]
[Board "2"]
[WhiteFideId "705128"]
[BlackFideId "763314"]
[WhiteTeam "Hungary B"]
[BlackTeam "Hungary C"]

1. e4 e5 2. Nf3 Nc6 3. Nc3 Nf6 4. d4 exd4 5. Nxd4 Bb4 6. Nxc6 bxc6 7. Bd3
d5 8. exd5 cxd5 9. O-O O-O 10. h3 Bb7 11. Qf3 Rb8 12. Bg5 Be7 13. Ne2 d4
14. Qf5 Bc8 15. Qe5 Rxb2 16. Qxd4 Rb4 17. Qxd8 Rxd8 18. Rab1 Rb6 19. Nc3
Be6 20. a4 Rc6 21. Ne4 Bd5 22. Ng3 h6 23. Nf5 Bc5 24. Be3 a6 25. Bxc5 Rxc5
26. Ne3 a5 27. Nxd5 Nxd5 28. Rb5 Rxb5 29. axb5 Nb4 30. Ra1 Nxd3 31. cxd3
Rxd3 32. Rxa5 1/2-1/2

[Event "Olimpiade 2024 - Donne"]
[Site "Budapest"]
[Date "22.09.2024"]
[Round "11.20"]
[White "Nandin-Erdene, Davaademberel"]
[Black "Karacsonyi, Kata"]
[Result "0-1"]
[WhiteElo "2039"]
[BlackElo "2233"]
[ECO "B33"]
[Opening "Sicilian"]
[Variation "Pelikan, Chelyabinsk variation"]
[TimeControl "40/5400+30:1800"]
[EventDate "2024.09.11"]
[Board "3"]
[WhiteFideId "12982016"]
[BlackFideId "769584"]
[WhiteTeam "Hungary C"]
[BlackTeam "Hungary B"]

1. e4 c5 2. Nf3 e6 3. d4 cxd4 4. Nxd4 Nf6 5. Nc3 Nc6 6. Ndb5 d6 7. Bf4 e5
8. Bg5 a6 9. Na3 b5 10. Nd5 Be7 11. Bxf6 Bxf6 12. c4 b4 13. Nc2 a5 14. g3
g6 15. Bg2 Bg7 16. O-O O-O 17. b3 h5 18. h4 Be6 19. Qd3 Nb8 20. Rad1 Nd7
21. Ne1 Nc5 22. Qe3 Qb8 23. Nd3 Bxd5 24. Nxc5 Bc6 25. Nd3 Kh7 26. Ne1 a4
27. Qd3 Qb7 28. Nc2 f5 29. Qxd6 Rab8 30. Rfe1 axb3 31. axb3 Rfd8 32. Qxd8
Rxd8 33. Rxd8 f4 34. Red1 fxg3 35. fxg3 Bxe4 36. Bxe4 Qxe4 37. R8d3 Bf8 38.
Rd7+ Kh6 39. R7d2 Qf3 40. Kh2 Bc5 41. Ne1 Qxb3 42. Nd3 Be3 43. Nc1 Qxc4 44.
Rd8 Bd4 45. Re1 Qc2+ 46. Kh1 Qf5 47. Rxd4 Qh3+ 48. Kg1 Qxg3+ 49. Kf1 Qf3+
50. Kg1 exd4 51. Rf1 Qg3+ 52. Kh1 b3 53. Nxb3 Qxb3 54. Kg2 Qe3 55. Rf3 Qe4
0-1

[Event "Olimpiade 2024 - Donne"]
[Site "Budapest"]
[Date "22.09.2024"]
[Round "11.20"]
[White "Demeter, Dorina"]
[Black "Sipos, Stefania"]
[Result "1-0"]
[WhiteElo "2199"]
[BlackElo "1993"]
[ECO "A05"]
[Opening "Reti"]
[Variation "King's Indian attack"]
[TimeControl "40/5400+30:1800"]
[EventDate "2024.09.11"]
[Board "4"]
[WhiteFideId "778079"]
[BlackFideId "17014239"]
[WhiteTeam "Hungary B"]
[BlackTeam "Hungary C"]

1. Nf3 Nf6 2. g3 g6 3. Bg2 Bg7 4. O-O O-O 5. d4 d6 6. Nc3 d5 7. Re1 Bf5 8.
Bf4 c6 9. Ne5 Nbd7 10. h3 Be6 11. Qd2 Nxe5 12. Bxe5 Ne4 13. Nxe4 Bxe5 14.
Nc5 Bf6 15. Nxb7 Qb6 16. Nc5 Qxb2 17. e3 Bf5 18. g4 Qxc2 19. Qxc2 Bxc2 20.
Rac1 Be4 21. f3 Bh4 22. Re2 Bxf3 23. Bxf3 f5 24. Nd7 Rfc8 25. Rxc6 Rxc6 26.
Bxd5+ e6 27. Bxc6 Rc8 28. Rc2 Kg7 29. Ba4 1-0